 Dungeon Crawl Stone Soup version 0.30.1-11-g7821555f0a (webtiles) character file.

Game seed: 5522845130253816352

31 KittyFluff the Trooper (level 3, -1/23 HPs)
             Began as a Gargoyle Berserker on Nov 8, 2023.
             Was a Believer of Trog.
             Slain by a goblin
             ... wielding a +4 dagger
             ... led by Robin
              (6 damage)
             ... on level 1 of the Dungeon.
             The game lasted 00:03:10 (785 turns).

KittyFluff the Trooper (Gargoyle Berserker)          Turns: 785, Time: 00:03:10

Health: -1/23      AC:  6    Str: 22    XL:     3   Next: 22%
Magic:  3/3        EV: 11    Int:  7    God:    Trog [**....]
Gold:   59         SH:  0    Dex:  9    Spells: 2/2 levels left

rFire   . . .        a - +0 mace
rCold   . . .        (no shield)
rNeg    + . .        h - +0 leather armour
rPois   ∞            (no helmet)
rElec   +            (no cloak)
rCorr   .            (no gloves)
SInv    .            (no boots)
Will    .....        (no amulet)
Stlth   +            (no ring)
HPRegen 0.23/turn    (no ring)
MPRegen 0.08/turn

%: no passive effects
@: no status effects
A: sickness immunity, AC +3, negative energy resistance 1, electricity
resistance, torment resistance 1, petrification resistance
a: Renounce Religion, Berserk, Trog's Hand


You were on level 1 of the Dungeon.
You worshipped Trog.
Trog was pleased with you.
You visited 1 branch of the dungeon, and saw 2 of its levels.

You collected 59 gold pieces.

Inventory:

Hand Weapons
 a - a +0 mace (weapon)
 b - a +0 sling
Armour
 h - a +0 leather armour (worn)
Scrolls
 d - a scroll of immolation {unknown}
 f - 2 scrolls of identify {unknown}
Potions
 c - a potion of degeneration {unknown}
 e - a potion of might {unknown}
 g - a potion of curing {unknown}
 i - a potion of cancellation {unknown}


   Skills:
 + Level 3.5 Fighting
 * Level 3.4 Maces & Flails
 * Level 2.8 Armour
 + Level 1.7 Dodging
 + Level 0.7 Stealth


You had 2 spell levels left.
You didn't know any spells.
Your spell library was empty.

Dungeon Overview and Level Annotations

Branches:
Dungeon (2/15)

Altars:

Annotations:
D:2 Robin


Innate Abilities, Weirdness & Mutations

You are immune to sickness and miasma.
Your stone body is resilient. (AC +3)
You are immune to poison.
You resist negative energy. (rN+)
You are resistant to electric shocks. (rElec)
You are resistant to unholy torment.
You are immune to petrification.


Message History

You hear a shout!
You hit the hobgoblin but do no damage.
The hobgoblin hits you but does no damage.
You thump the hobgoblin!
You kill the hobgoblin!
Trog accepts your kill.
You hit the goblin. You punch the goblin, but do no damage.
The goblin is moderately wounded.
The goblin hits you with a +4 dagger.
A goblin comes into view. It is wielding a +0 club.
The goblin shouts!
You hit the goblin.
The goblin is heavily wounded.
The goblin completely misses you.
A hobgoblin comes into view.
The goblin hits you but does no damage.
Robin of the Strong Arm comes into view.
They are wielding a +0 dagger and wearing a +2 helmet of see invisible.
You closely miss the goblin.
The goblin is heavily wounded.
Robin roars a battlecry!
The goblins go into a battle-frenzy!
The goblin hits you with a +4 dagger!
You closely miss the goblin.
The goblin is heavily wounded.
The goblin hits you with a +4 dagger. The goblin hits you but does no damage.
You climb upwards.
There is a stone staircase leading down here.
You hit the goblin.
The goblin is severely wounded.
The goblin barely misses you.
You closely miss the goblin.
The goblin is severely wounded.
The goblin hits you but does no damage.
You hit the goblin but do no damage.
The goblin is severely wounded.
The goblin hits you with a +4 dagger.
* * * LOW HITPOINT WARNING * * *
The goblin hits you with a +4 dagger.
You die...

#######################
#######.)...÷...........[....
#............######.#########
#.#####.####.# #.# #)# #.# #.#
#.# #.# #.# #.# #.# #.# ###.# #.#
#.# ##### #.# #...# #g# #.# #....
### ##### #@# #.# #.... ##### #.#
##.#####.... #.#.#≈≈
#######.#####...##.....~ ....#≈##
#..(...............##...
#.#.#≈≈###.......#####...##.##...
....#≈≈≈###.##.########.###.##...
....#≈≈≈≈#~.....~~~~...~# #.##...
#.#.#≈≈≈.~~~≈~~~.~~~≈~~.. #.#...~
#.#.#~≈≈≈~~~~~~≈~≈.~~≈≈..##.#....


You could see a goblin (strong).

Vanquished Creatures
  A dart slug (D:1)
  A ball python (D:1)
  4 bats (D:1)
  2 endoplasms (D:1)
  A giant cockroach (D:1)
  4 hobgoblins
  2 quokkas (D:1)
  3 frilled lizards (D:1)
  5 kobolds (D:1)
  4 rats (D:1)
27 creatures vanquished.

Notes
Turn   | Place    | Note
-------+----------+-------------------------------------------
     0 | D:1      | KittyFluff the Gargoyle Berserker began the quest for the
                  | Orb.
     0 | D:1      | Reached XP level 1. HP: 14/14 MP: 1/1
   238 | D:1      | Reached XP level 2. HP: 10/19 MP: 2/2
   454 | D:1      | Reached ** piety under Trog
   464 | D:1      | Reached XP level 3. HP: 23/23 MP: 3/3
   778 | D:2      | Noticed Robin
   785 | D:1      | Slain by a goblin

Illustrated notes

Levels and vault maps discovered:
D:1:      dpeg_arrival_chambers_temple_mockup, layout_loops_ring, serial_rivers,
          chequers_serial_rivers_marsh, chequers_serial_rivers_micro_a,
          chequers_serial_rivers_large_a, chequers_serial_rivers_small_a,
          skrybe_limestone_x
D:2:      layout_loops_ring, uniq_robin

Action                     || total
---------------------------++-------
  Melee: Mace              ||    73
         Punch             ||     1
 Armour: Animal skin       ||    26
         Leather armour    ||     8
  Dodge: Dodged            ||    63
